 Dungeon Crawl Stone Soup version 0.22.1-1-ga44c0e56f4 (webtiles) character file.

135 Cykl0x the Skirmisher (level 5, -1/55 HPs)
             Began as a Gargoyle Berserker on Oct 18, 2018.
             Was a Believer of Trog.
             Slain by Grinder (5 damage)
             ... while paralysed by Grinder
             ... on level 3 of the Dungeon.
             The game lasted 00:08:07 (1831 turns).

Cykl0x the Skirmisher (Gargoyle Berserker)          Turns: 1831, Time: 00:08:07

Health: -1/55      AC: 10    Str: 25    XL:     5   Next: 18%
Magic:  5/5        EV:  2    Int:  8    God:    Trog [**....]
Gold:   128        SH:  0    Dex: 13    Spells: 4/4 levels left

rFire    . . .     SeeInvis .   a - +0 hand axe
rCold    . . .     Gourm    .   (no shield)
rNeg     + . .     Faith    .   l - +0 ring mail
rPois    ∞         Spirit   .   d - +0 helmet
rElec    +         Reflect  .   (no cloak)
rCorr    .         Harm     .   (no gloves)
MR       .....                  (no boots)
Stlth    ..........             (no amulet)
HPRegen  0.18/turn              h - +3 ring of dexterity
MPRegen  0.09/turn              (no ring)

@: paralysed, berserking (expiring)
A: negative energy resistance 1, robust 1, electricity resistance, wild magic 1,
unbreathing, petrification resistance, rot immunity, AC +4
a: Berserk, Trog's Hand, Renounce Religion


You were on level 3 of the Dungeon.
You worshipped Trog.
Trog was pleased with you.
You were not hungry.

You visited 1 branch of the dungeon, and saw 3 of its levels.

You collected 128 gold pieces.

Inventory:

Hand Weapons
 a - a +0 hand axe (weapon)
Missiles
 i - 111 stones (quivered)
Armour
 b - a +0 animal skin
 d - a +0 helmet (worn)
 l - a +0 ring mail (worn)
Jewellery
 h - a +3 ring of dexterity (left hand)
Scrolls
 f - 2 scrolls of remove curse
Potions
 e - a potion of flight
 g - a potion of ambrosia
 j - a potion of mutation
 k - a potion of curing
 m - 2 potions of degeneration
Comestibles
 c - 4 rations
 n - a chunk of flesh


   Skills:
 + Level 4.5 Fighting
 + Level 3.8 Axes
 + Level 0.1 Throwing
 + Level 2.3 Armour
 + Level 2.3 Dodging
 + Level 0.6 Stealth


You had 4 spell levels left.
You didn't know any spells.
Your spell library was empty.

Dungeon Overview and Level Annotations

Branches:
Dungeon (3/15)

Altars:

Annotations:
D:3 Grinder, Jessica


Innate Abilities, Weirdness & Mutations

You are resistant to torment.
Your stone body is resilient. (AC +4)
You are immune to poison.
You resist negative energy. (rN+)
You are resistant to electric shocks. (rElec)
You can survive without breathing.
You are immune to petrification.
You are immune to rotting.
You are robust. (+10% HP)
Your spells are a little harder to cast, but a little more powerful.


Message History

You closely miss Grinder.
Grinder is severely wounded.
You slash Grinder!
Grinder is almost dead.
Grinder gestures at you.
You suddenly lose the ability to move!
Grinder gestures at you. Pain shoots through your body!
* * * LOW HITPOINT WARNING * * *
Grinder hits you.
* * * LOW HITPOINT WARNING * * *
You writhe in agony.
* * * LOW HITPOINT WARNING * * *
Grinder gestures at you.
You shrug off the repeated paralysis!
Grinder gestures at you. Pain shoots through your body!
* * * LOW HITPOINT WARNING * * *
Grinder hits you.
You die...

##########
######.........
#####
#...##.########
#...# #...##.#
#.#.# #...##.#
#.#.# #...##.#
#.#.# #...##.#
#.#.######...##.#
#.(((.5@........#
#(###############
#.......h5.
#.#.#.####.
..>...... ... ..#
##. #......# #
.... ...#
........@


You could see Grinder.

Vanquished Creatures
  8 adders
  3 worms
  2 dart slugs
  A leopard gecko (D:2)
  2 orcs (D:3)
  2 ball pythons
  2 bats
  7 giant cockroaches
  3 goblins
  3 hobgoblins
  A jackal (D:3)
  A quokka (D:2)
  3 frilled lizards
  6 kobolds
  A quokka skeleton (D:2)
  8 rats
53 creatures vanquished.

Notes
Turn   | Place    | Note
-------+----------+-------------------------------------------
     0 | D:1      | Cykl0x the Gargoyle Berserker began the quest for the Orb.
     0 | D:1      | Reached XP level 1. HP: 14/14 MP: 1/1
   109 | D:1      | Reached XP level 2. HP: 8/19 MP: 2/2
   645 | D:2      | Reached skill level 4 in Fighting
   645 | D:2      | Reached XP level 3. HP: 20/24 MP: 3/3
   755 | D:2      | Reached XP level 4. HP: 28/30 MP: 4/4
  1027 | D:2      | Reached ** piety under Trog
  1363 | D:2      | Gained mutation: You are robust. (+10% HP) [potion of
                  | mutation]
  1363 | D:2      | Gained mutation: Your spells are a little harder to cast,
                  | but a little more powerful. [potion of mutation]
  1655 | D:3      | Found a faded altar of an unknown god.
  1665 | D:3      | Reached XP level 5. HP: 33/37 MP: 5/5
  1769 | D:3      | Noticed Grinder
  1787 | D:3      | Noticed Jessica
  1826 | D:3      | Paralysed by Grinder for 6 turns
  1831 | D:3      | Slain by Grinder

Skill      XL: |  1  2  3 |
---------------+----------+-----
Fighting       | 4 |  4.5
Dodging        | 2 |  2.3
Axes           | 3 |  3.8
Throwing       | |  0.1
Armour         | |  2.3
Stealth        | |  0.6

Action                   |  1- 3 |  4- 6 || total
-------------------------+-------+-------++-------
Melee: Hand axe          |    78 |   119 ||   197
Throw: Stone             |       |    20 ||    20
       Throwing net      |       |     1 ||     1
Invok: Berserk           |       |     1 ||     1
  Use: Scroll            |     4 |     4 ||     8
       Potion            |       |     1 ||     1
 Stab: Sleeping          |       |     3 ||     3
  Eat: Chunk             |       |     2 ||     2
       Ration            |       |     1 ||     1
Armor: Animal skin       |    23 |    33 ||    56
       Ring mail         |       |     6 ||     6
Dodge: Dodged            |    63 |    82 ||   145
